cohdb
Replays
Latest Replays
All Replays
Popular Replays
Top Player Replays
Match Explorer
How It Works
Community
CoH3 Stats
Reddit
Sign in to upload your games and track your stats! →
Sign in with Steam
Match 42469899
Unlisted
Match 42469899
Overview
Messages
Build Orders
End
Kradschützen Motorcycle Team
Panzergrenadier Squad
250 Light Carrier
Construct Light Support Kompanie
Combat Half-tracks
MG34 Team
Selects Armored Support Battlegroup
Selects Salvage Kits
Panzerjäger Mechanized Group
Construct Mechanized Kompanie
Selects Veteran Gunners
Vehicle Survival Package
Marder III Tank Destroyer
2.5-tonne Medical Truck
Selects Panzer Storm
Assault Mechanized Group
Panzergrenadier Squad
Construct Panzerarmee Kommand
Veteran Squad Leaders
wila
LittleFatty233
吊锤石乐志
xuxiaoqi9
torbjornuser
Enterprise
카츄사
你来反105
0
0
Comments
sign in to comment!
No comments posted yet!